| TOP OF THE 1ST |
|
Iowa Cubs batting - Pitching for Oklahoma City Dodgers : RHP Nick Harmon
|
|
Pitching: RHP Nick Harmon
|
|
|
Batting: RHB Frank Caulfield
|
0-0: Called Strike 0-1: Ball 1-1: Swinging Strike 1-2: Strikes out swinging
|
|
Batting: RHB Adam Kelliher
|
0-0: Ball 1-0: Ball 2-0: SINGLE (Line Drive, 34D, EV 100.6 MPH)
|
|
Batting: RHB Ryan Walker
|
0-0: Ball 1-0: Ball Adam Kelliher steals 2nd base 2-0: Called Strike 2-1: Called Strike 2-2: Fly out, F8 (Flyball, 8LXD, EV 97.5 MPH) Runner from 2nd tags up, SAFE at 3rd, no throw by CF
|
|
Batting: LHB Wing-tat Tai
|
0-0: Called Strike 0-1: SINGLE (Flyball, 4D, EV 86.2 MPH) Adam Kelliher scores
|
|
Batting: LHB Mark Ingram
|
0-0: Called Strike 0-1: Ball 1-1: Ball 2-1: Foul Ball, location: 2F 2-2: Strikes out swinging
|
| Top of the 1st over - 1 run, 2 hits, 0 errors, 1 left on base; Iowa 1 - Oklahoma City 0 |
| BOTTOM OF THE 1ST |
|
Oklahoma City Dodgers batting - Pitching for Iowa Cubs : RHP Ryohei Uda
|
|
Pitching: RHP Ryohei Uda
|
|
|
Batting: RHB Jose Ramirez
|
0-0: Fly out, F7 (Line Drive, 7S, EV 92.5 MPH)
|
|
Batting: RHB Theo Schepers
|
0-0: Foul Ball, location: 2F 0-1: Fly out, F5 (Popup, 5SF, EV 79.4 MPH)
|
|
Batting: RHB Carlos Gonzalez
|
0-0: SINGLE (Groundball, 34D, EV 101.2 MPH)
|
|
Batting: RHB Jason Baldwin
|
0-0: Swinging Strike 0-1: Fielders Choice at 2nd, 5-4 (Groundball, 5, EV 81.2 MPH)
|
| Bottom of the 1st over - 0 runs, 1 hit, 0 errors, 1 left on base; Iowa 1 - Oklahoma City 0 |
| TOP OF THE 2ND |
|
Iowa Cubs batting - Pitching for Oklahoma City Dodgers : RHP Nick Harmon
|
|
Batting: RHB Brad Santanello
|
0-0: Ball 1-0: Foul Ball, location: 2F 1-1: Foul Ball, location: 2F 1-2: Fly out, F4 (Line Drive, 4, EV 68.1 MPH)
|
|
Batting: SHB Karl Starnes
|
0-0: Ball 1-0: Ball 2-0: Called Strike 2-1: Called Strike 2-2: Ball 3-2: Foul Ball, location: 2F 3-2: Foul Ball, location: 2F 3-2: Foul Ball, location: 2F 3-2: Base on Balls
|
|
Batting: RHB Ricardo Aguinaga
|
0-0: Fly out, F5 (Popup, 5S, EV 64.4 MPH)
|
|
Batting: RHB Khalil Stephens
|
0-0: SINGLE (Groundball, 6MD, EV 101.9 MPH) Karl Starnes to second Runner from 2nd tries for 3rd, SAFE, throw by CF made to third
|
|
Batting: RHB Frank Caulfield
|
0-0: Ball 1-0: Called Strike 1-1: Foul Ball, location: 2F 1-2: Ball 2-2: SINGLE (Groundball, 6M, EV 103.1 MPH) (infield hit) Karl Starnes scores Khalil Stephens to second
|
|
Batting: RHB Adam Kelliher
|
0-0: Ball 1-0: Foul Ball, location: 2F 1-1: Fly out, F9 (Flyball, 89S, EV 85.6 MPH)
|
| Top of the 2nd over - 1 run, 2 hits, 0 errors, 2 left on base; Iowa 2 - Oklahoma City 0 |
| BOTTOM OF THE 2ND |
|
Oklahoma City Dodgers batting - Pitching for Iowa Cubs : RHP Ryohei Uda
|
|
Batting: RHB Alex Cid
|
0-0: Foul Ball, location: 2F 0-1: Ball 1-1: SINGLE (Groundball, 34D, EV 98.1 MPH)
|
|
Batting: LHB Darrell Ortega
|
0-0: Called Strike 0-1: Foul Ball, location: 2F 0-2: Strikes out swinging
|
|
Batting: LHB Ryan Murdock
|
0-0: Fielders Choice at 2nd, 4-6 (Groundball, 4, EV 81.9 MPH)
|
|
Batting: LHB Doug Frampton
|
0-0: Ball 1-0: Called Strike 1-1: Called Strike 1-2: Strikes out looking
|
| Bottom of the 2nd over - 0 runs, 1 hit, 0 errors, 1 left on base; Iowa 2 - Oklahoma City 0 |
| TOP OF THE 3RD |
|
Iowa Cubs batting - Pitching for Oklahoma City Dodgers : RHP Nick Harmon
|
|
Batting: RHB Ryan Walker
|
0-0: Ball 1-0: Ball 2-0: SINGLE (Line Drive, 9LS, EV 103.8 MPH)
|
|
Batting: LHB Wing-tat Tai
|
0-0: Foul Ball, location: 2F 0-1: Ball 1-1: Fly out, F6 (Popup, 6, EV 62.5 MPH)
|
|
Batting: LHB Mark Ingram
|
0-0: Ball 1-0: Foul Ball, location: 2F 1-1: Foul Ball, location: 2F 1-2: Ball 2-2: Ball 3-2: Fly out, F7 (Line Drive, 7, EV 88.1 MPH)
|
|
Batting: RHB Brad Santanello
|
0-0: Ball 1-0: Ball 2-0: Fly out, F7 (Flyball, 7, EV 85.6 MPH)
|
| Top of the 3rd over - 0 runs, 1 hit, 0 errors, 1 left on base; Iowa 2 - Oklahoma City 0 |
| BOTTOM OF THE 3RD |
|
Oklahoma City Dodgers batting - Pitching for Iowa Cubs : RHP Ryohei Uda
|
|
Batting: RHB Kevin Ezell
|
0-0: Ball 1-0: Foul Ball, location: 2F 1-1: Foul Ball, location: 2F 1-2: Ground out 5-3 (Groundball, 56S, EV 73.1 MPH)
|
|
Batting: RHB Jose Ramirez
|
0-0: Called Strike 0-1: Swinging Strike 0-2: SINGLE (Line Drive, 89M, EV 106.9 MPH)
|
|
Batting: RHB Theo Schepers
|
0-0: Ball Jose Ramirez steals 2nd base (no throw) 1-0: Swinging Strike 1-1: Ball Jose Ramirez steals 3rd base (no throw) 2-1: SINGLE (Line Drive, 6M, EV 96.2 MPH) Jose Ramirez scores
|
|
Batting: RHB Carlos Gonzalez
|
0-0: Ball Theo Schepers steals 2nd base 1-0: Ball 2-0: Ball 3-0: Called Strike 3-1: Base on Balls
|
|
Batting: RHB Jason Baldwin
|
0-0: Ball 1-0: Ball 2-0: Called Strike 2-1: Ball 3-1: Base on Balls Theo Schepers to third Carlos Gonzalez to second
|
|
Batting: RHB Alex Cid
|
0-0: Called Strike 0-1: Fielders Choice at 2nd, 4-6 (Groundball, 4, EV 85.6 MPH) Theo Schepers scores Carlos Gonzalez to third
|
|
Batting: LHB Darrell Ortega
|
0-0: Ball 1-0: Swinging Strike 1-1: Swinging Strike 1-2: Fly out, F8 (Flyball, 8RM, EV 94.4 MPH)
|
| Bottom of the 3rd over - 2 runs, 2 hits, 0 errors, 2 left on base; Iowa 2 - Oklahoma City 2 |
| TOP OF THE 4TH |
|
Iowa Cubs batting - Pitching for Oklahoma City Dodgers : RHP Nick Harmon
|
|
Batting: SHB Karl Starnes
|
0-0: Ball 1-0: Called Strike 1-1: Foul Ball, location: 2F 1-2: Strikes out swinging
|
|
Batting: RHB Ricardo Aguinaga
|
0-0: Ball 1-0: Called Strike 1-1: Ball 2-1: Swinging Strike 2-2: Foul Ball, location: 2F 2-2: Ball 3-2: Foul Ball, location: 2F 3-2: Foul Ball, location: 2F 3-2: Foul Ball, location: 2F 3-2: Base on Balls
|
|
Batting: RHB Khalil Stephens
|
0-0: Called Strike 0-1: SINGLE (Groundball, 5D, EV 102.5 MPH) Ricardo Aguinaga to second
|
|
Batting: RHB Frank Caulfield
|
0-0: Ball 1-0: Called Strike 1-1: Called Strike 1-2: Ball 2-2: Strikes out swinging
|
|
Batting: RHB Adam Kelliher
|
0-0: Ball 1-0: Ball 2-0: Ball 3-0: Base on Balls Ricardo Aguinaga to third Khalil Stephens to second
|
|
Batting: RHB Ryan Walker
|
0-0: Ball 1-0: Called Strike 1-1: Ball 2-1: Foul Ball, location: 2F 2-2: Ball 3-2: Hit by Pitch Ricardo Aguinaga scores Khalil Stephens to third Adam Kelliher to second
|
|
Batting: LHB Wing-tat Tai
|
0-0: Called Strike 0-1: Ball 1-1: Ball 2-1: Reached on error, E2 (Groundball, 15S, EV 72.5 MPH) Khalil Stephens scores Adam Kelliher to third Ryan Walker to second
|
|
Batting: LHB Mark Ingram
|
0-0: Called Strike 0-1: Ball 1-1: Ball 2-1: DOUBLE (Flyball, 8LXD, EV 90.6 MPH) Adam Kelliher scores Ryan Walker scores Wing-tat Tai to third Runner from 3rd tries for Home, throw by CF and OUT! 8-2
|
| Top of the 4th over - 4 runs, 2 hits, 1 error, 1 left on base; Iowa 6 - Oklahoma City 2 |
| BOTTOM OF THE 4TH |
|
Oklahoma City Dodgers batting - Pitching for Iowa Cubs : RHP Ryohei Uda
|
|
Batting: LHB Ryan Murdock
|
0-0: Ball 1-0: Foul Ball, location: 2F 1-1: Swinging Strike 1-2: Ball 2-2: SINGLE (Groundball, 3D, EV 95.6 MPH)
|
|
Batting: LHB Doug Frampton
|
0-0: Called Strike 0-1: Ball 1-1: SINGLE (Line Drive, 9S, EV 101.9 MPH) Ryan Murdock to second
|
|
Batting: RHB Kevin Ezell
|
0-0: Ball 1-0: SINGLE (Groundball, 56D, EV 100.0 MPH) Ryan Murdock to third Doug Frampton to second Runner from 3rd tries for Home, SAFE, throw by LF to home
|
|
Batting: RHB Jose Ramirez
|
0-0: Ball 1-0: Grounds into double play, 4-6-3 (Groundball, 4, EV 91.9 MPH) Doug Frampton to third
|
|
Batting: RHB Theo Schepers
|
0-0: Swinging Strike 0-1: Fly out, F9 (Flyball, 89S, EV 87.5 MPH)
|
| Bottom of the 4th over - 1 run, 3 hits, 0 errors, 1 left on base; Iowa 6 - Oklahoma City 3 |
| TOP OF THE 5TH |
|
Iowa Cubs batting - Pitching for Oklahoma City Dodgers : RHP Nick Harmon
|
|
Pitching: RHP Aaron Schneider
|
|
|
Batting: RHB Brad Santanello
|
0-0: Fly out, F7 (Line Drive, 7S, EV 99.4 MPH)
|
|
Batting: SHB Karl Starnes
|
0-0: Called Strike 0-1: Foul Ball, location: 2F 0-2: Ball 1-2: Fly out, F9 (Flyball, 9D, EV 98.8 MPH)
|
|
Batting: RHB Ricardo Aguinaga
|
0-0: Foul Ball, location: 2F 0-1: DOUBLE (Line Drive, 89D, EV 104.4 MPH)
|
|
Batting: RHB Khalil Stephens
|
0-0: Ground out 4-3 (Groundball, 4, EV 76.9 MPH)
|
| Top of the 5th over - 0 runs, 1 hit, 0 errors, 1 left on base; Iowa 6 - Oklahoma City 3 |
| BOTTOM OF THE 5TH |
|
Oklahoma City Dodgers batting - Pitching for Iowa Cubs : RHP Ryohei Uda
|
|
Batting: RHB Carlos Gonzalez
|
0-0: Ball 1-0: Ball 2-0: Called Strike 2-1: Foul Ball, location: 2F 2-2: Strikes out swinging
|
|
Batting: RHB Jason Baldwin
|
0-0: Ball 1-0: Ball 2-0: Ground out 4-3 (Groundball, 4, EV 91.2 MPH)
|
|
Batting: RHB Alex Cid
|
0-0: Called Strike 0-1: Ball 1-1: Called Strike 1-2: Ball 2-2: Ball 3-2: Base on Balls
|
|
Batting: LHB Darrell Ortega
|
0-0: Ball 1-0: Foul Ball, location: 2F 1-1: Ball 2-1: Foul Ball, location: 2F 2-2: Ball 3-2: Foul Ball, location: 2F 3-2: Base on Balls Alex Cid to second
|
|
Batting: LHB Ryan Murdock
|
0-0: Swinging Strike 0-1: Called Strike 0-2: Ground out 4-3 (Groundball, 34, EV 83.8 MPH)
|
| Bottom of the 5th over - 0 runs, 0 hits, 0 errors, 2 left on base; Iowa 6 - Oklahoma City 3 |
| TOP OF THE 6TH |
|
Iowa Cubs batting - Pitching for Oklahoma City Dodgers : RHP Aaron Schneider
|
|
Batting: RHB Frank Caulfield
|
0-0: Called Strike 0-1: Ball 1-1: Foul Ball, location: 2F 1-2: DOUBLE (Line Drive, 78D, EV 104.4 MPH)
|
|
Batting: RHB Adam Kelliher
|
0-0: Ball Frank Caulfield steals 3rd base (no throw) 1-0: Ball 2-0: Foul Ball, location: 2F 2-1: Ball 3-1: Base on Balls
|
|
Batting: RHB Ryan Walker
|
0-0: Ball 1-0: Ball 2-0: Called Strike 2-1: Grounds into double play, 6-4-3 (Groundball, 6M, EV 104.4 MPH) Frank Caulfield scores
|
|
Batting: LHB Wing-tat Tai
|
0-0: Swinging Strike 0-1: Called Strike 0-2: Foul Ball, location: 2F 0-2: Strikes out swinging
|
| Top of the 6th over - 1 run, 1 hit, 0 errors, 0 left on base; Iowa 7 - Oklahoma City 3 |
| BOTTOM OF THE 6TH |
|
Oklahoma City Dodgers batting - Pitching for Iowa Cubs : RHP Ryohei Uda
|
|
Batting: LHB Doug Frampton
|
0-0: Ball 1-0: Ball 2-0: Ball 3-0: Called Strike 3-1: Foul Ball, location: 2F 3-2: Strikes out swinging
|
|
Batting: RHB Kevin Ezell
|
0-0: Ball 1-0: Ball 2-0: Foul Ball, location: 2F 2-1: Ground out 3-1 (Groundball, 34, EV 99.4 MPH)
|
|
Batting: RHB Jose Ramirez
|
0-0: Ball 1-0: Ball 2-0: Called Strike 2-1: Ball 3-1: Called Strike 3-2: Strikes out looking
|
| Bottom of the 6th over - 0 runs, 0 hits, 0 errors, 0 left on base; Iowa 7 - Oklahoma City 3 |
| TOP OF THE 7TH |
|
Iowa Cubs batting - Pitching for Oklahoma City Dodgers : RHP Aaron Schneider
|
|
Pitching: LHP Ramon Escobedo
|
|
|
Batting: LHB Mark Ingram
|
0-0: Ball 1-0: Foul Ball, location: 2F 1-1: Swinging Strike 1-2: Ball 2-2: Ball 3-2: Ground out 6-3 (Groundball, 6, EV 91.2 MPH)
|
|
Batting: RHB Brad Santanello
|
0-0: Called Strike 0-1: Swinging Strike 0-2: Ball 1-2: Ball 2-2: Ground out 2-3 (Groundball, 2L, EV 68.1 MPH)
|
|
Batting: SHB Karl Starnes
|
0-0: Ground out U3 (Groundball, 3S, EV 66.9 MPH)
|
| Top of the 7th over - 0 runs, 0 hits, 0 errors, 0 left on base; Iowa 7 - Oklahoma City 3 |
| BOTTOM OF THE 7TH |
|
Oklahoma City Dodgers batting - Pitching for Iowa Cubs : RHP Ryohei Uda
|
|
Batting: RHB Theo Schepers
|
0-0: Called Strike 0-1: Called Strike 0-2: Ball 1-2: Strikes out looking
|
|
Batting: RHB Carlos Gonzalez
|
0-0: Ball 1-0: Fly out, F4 (Popup, 4, EV 63.8 MPH)
|
|
Batting: RHB Jason Baldwin
|
0-0: Foul Ball, location: 2F 0-1: Called Strike 0-2: Ball 1-2: Ball 2-2: Foul Ball, location: 2F 2-2: Strikes out swinging
|
| Bottom of the 7th over - 0 runs, 0 hits, 0 errors, 0 left on base; Iowa 7 - Oklahoma City 3 |
| TOP OF THE 8TH |
|
Iowa Cubs batting - Pitching for Oklahoma City Dodgers : LHP Ramon Escobedo
|
|
Batting: RHB Ricardo Aguinaga
|
0-0: Called Strike 0-1: Called Strike 0-2: Ball 1-2: SINGLE (Groundball, 4MD, EV 103.8 MPH)
|
|
Batting: RHB Khalil Stephens
|
0-0: Ball 1-0: Called Strike 1-1: Ball 2-1: Called Strike 2-2: Ball 3-2: Base on Balls Ricardo Aguinaga to second
|
|
Batting: RHB Frank Caulfield
|
0-0: Ball 1-0: Ball 2-0: Sac Bunt to 15 - play at first, batter OUT! 1-4 Ricardo Aguinaga to third Khalil Stephens to second
|
|
Batting: RHB Adam Kelliher
|
0-0: Ball 1-0: Foul Ball, location: 2F 1-1: Swinging Strike 1-2: Foul Ball, location: 2F 1-2: Ball 2-2: Ball 3-2: Foul Ball, location: 2F 3-2: DOUBLE (Flyball, 8RXD, EV 98.1 MPH) Ricardo Aguinaga scores Khalil Stephens scores
|
|
Batting: RHB Ryan Walker
|
0-0: Called Strike 0-1: Foul Ball, location: 2F 0-2: Ball 1-2: Ball 2-2: DOUBLE (Line Drive, 9LM, EV 102.5 MPH) Adam Kelliher scores
|
|
Batting: LHB Wing-tat Tai
|
0-0: Swinging Strike 0-1: Ball 1-1: Called Strike 1-2: Ground out 4-3 (Groundball, 4, EV 109.4 MPH) Ryan Walker to third
|
|
Batting: LHB Mark Ingram
|
0-0: Foul Ball, location: 2F 0-1: Ball 1-1: Ball 2-1: Fly out, F6 (Popup, 6MS, EV 61.9 MPH)
|
| Top of the 8th over - 3 runs, 3 hits, 0 errors, 1 left on base; Iowa 10 - Oklahoma City 3 |
| BOTTOM OF THE 8TH |
|
Oklahoma City Dodgers batting - Pitching for Iowa Cubs : RHP Ryohei Uda
|
|
Batting: RHB Alex Cid
|
0-0: Ball 1-0: Ball 2-0: Ball 3-0: Called Strike 3-1: Base on Balls
|
|
Pitching: LHP Tom Mooney
|
|
|
Batting: LHB Darrell Ortega
|
0-0: Reached on error, E4 (Groundball, 4, EV 91.9 MPH) Alex Cid to second
|
|
Pinch Hitting: RHB Tommy Hunter
|
0-0: Ball 1-0: Ball 2-0: Foul Ball, location: 2F 2-1: SINGLE (Groundball, P, EV 88.1 MPH) (infield hit) Alex Cid to third Darrell Ortega to second
|
|
Batting: LHB Doug Frampton
|
0-0: Foul Ball, location: 2F 0-1: Ball 1-1: Called Strike 1-2: Grounds into double play, 3-6-3 (Groundball, 34, EV 108.1 MPH) Alex Cid scores Darrell Ortega to third
|
|
Batting: RHB Kevin Ezell
|
0-0: Ball 1-0: Ball 2-0: Called Strike 2-1: Ground out 5-3 (Groundball, 56S, EV 87.5 MPH)
|
| Bottom of the 8th over - 1 run, 1 hit, 1 error, 1 left on base; Iowa 10 - Oklahoma City 4 |
| TOP OF THE 9TH |
|
Iowa Cubs batting - Pitching for Oklahoma City Dodgers : LHP Ramon Escobedo
|
|
Pitching: LHP Ryan Fulford
|
|
|
Now at 2B: Jason Baldwin
|
|
|
Now at 3B: Tommy Hunter
|
|
|
Now in LF: Theo Schepers
|
|
|
Batting: RHB Brad Santanello
|
0-0: Ball 1-0: Foul Ball, location: 2F 1-1: Foul Ball, location: 2F 1-2: Ball 2-2: Ball 3-2: Base on Balls
|
|
Batting: SHB Karl Starnes
|
0-0: Ball 1-0: Foul Ball, location: 2F 1-1: Fly out, F6 (Popup, 6MS, EV 57.5 MPH)
|
|
Batting: RHB Ricardo Aguinaga
|
0-0: Foul Ball, location: 2F 0-1: Ball 1-1: Ball 2-1: Called Strike 2-2: Strikes out swinging
|
|
Batting: RHB Khalil Stephens
|
0-0: Called Strike 0-1: Ball 1-1: Foul Ball, location: 2F 1-2: Fly out, F8 (Flyball, 8LD, EV 98.8 MPH)
|
| Top of the 9th over - 0 runs, 0 hits, 0 errors, 1 left on base; Iowa 10 - Oklahoma City 4 |
| BOTTOM OF THE 9TH |
|
Oklahoma City Dodgers batting - Pitching for Iowa Cubs : LHP Tom Mooney
|
|
Batting: RHB Jose Ramirez
|
0-0: Ball 1-0: Swinging Strike 1-1: Reached via error on a dropped throw from 1B, E1 (Groundball, 34, EV 103.1 MPH)
|
|
Batting: RHB Theo Schepers
|
0-0: Fielders Choice at 2nd, 5-4 (Groundball, 56S, EV 90.0 MPH)
|
|
Batting: RHB Carlos Gonzalez
|
0-0: Called Strike 0-1: Ball 1-1: Ball 2-1: Called Strike 2-2: SINGLE (Groundball, 6D, EV 98.1 MPH) Theo Schepers to second
|
|
Batting: RHB Jason Baldwin
|
0-0: Ball 1-0: DOUBLE (Flyball, 8RXD, EV 88.1 MPH) Theo Schepers scores Carlos Gonzalez to third
|
|
Batting: RHB Alex Cid
|
0-0: Ball 1-0: Ball 2-0: Foul Ball, location: 2F 2-1: Swinging Strike 2-2: Foul Ball, location: 2F 2-2: Ball 3-2: Ground out U3 (Groundball, 3, EV 88.8 MPH)
|
|
Pinch Hitting: RHB Jonathan Kirsch
|
0-0: Foul Ball, location: 2F 0-1: Called Strike 0-2: Ball Passed Ball! Carlos Gonzalez scores Jason Baldwin to third 1-2: Strikes out swinging
|
| Bottom of the 9th over - 2 runs, 2 hits, 1 error, 1 left on base; Iowa 10 - Oklahoma City 6 |
|